 Dungeon Crawl Stone Soup version 0.17-a0-1504-gb7d9117 (webtiles) character file.

77 Chiseanne the Grasshopper (level 4, 0/34 HPs)
             Began as a Demonspawn Warper on July 9, 2015.
             Was an Initiate of Okawaru.
             Slain by an orc
             ... wielding a +0 trident
              (3 damage)
             ... on level 3 of the Dungeon.
             The game lasted 00:05:44 (2227 turns).

Chiseanne the Grasshopper (Demonspawn Warper)       Turns: 2227, Time: 00:05:44

Health: 0/34       AC:  7    Str: 12    XL:     4   Next: 14%
Magic:  7/7        EV: 11    Int: 17    God:    Okawaru [......]
Gold:   166        SH:  0    Dex: 13    Spells: 3 memorised, 3 levels left

rFire  . . .     SeeInvis .     a - +0 hand axe
rCold  . . .     Clarity  .     k - +0 ring mail
rNeg   . . .     SustAt   .     (no shield)
rPois  .         Gourm    .     (helmet restricted)
rElec  .         Spirit   .     h - +0 cloak
rCorr  .         Warding  .     b - +0 pair of gloves
rMut   .         Stasis   .     (no boots)
MR     .....                    (no amulet)
Stlth  +.........               (no ring)
                                o - +3 ring of intelligence

@: not resistant to hostile enchantments, very unstealthy
A: claws 1, horns 1, spiny 1
a: Renounce Religion


You were on level 3 of the Dungeon.
You worshipped Okawaru.
Okawaru was noncommittal.
You were not hungry.

You visited 1 branch of the dungeon, and saw 3 of its levels.

You collected 166 gold pieces.

Inventory:

Hand weapons
 a - a +0 hand axe (weapon)
Armour
 b - a +0 pair of gloves (worn)
 h - a +0 cloak (worn)
 k - a +0 ring mail (worn)
Jewellery
 l - an uncursed ring of teleportation
 o - a +3 ring of intelligence (left hand)
Scrolls
 d - 2 scrolls of blinking
 e - a scroll of remove curse
 i - a scroll of magic mapping
 n - a scroll of enchant armour {unknown}
Potions
 j - a potion of curing {unknown}
 p - a potion of magic
Books
 c - a book of Spatial Translocations

   Spells                             Type                      Level
   a - Apportation                    Translocation                1
   b - Blink                          Translocation                2
   c - Shroud of Golubria             Charms/Translocation         2
   d - Portal Projectile              Translocation                3
   e - Teleport Other                 Translocation                3
   f - Passage of Golubria            Translocation                4
Comestibles
 f - a bread ration
 g - 2 meat rations


   Skills:
 + Level 2.3 Fighting
 - Level 1.7 Axes
 - Level 0.8 Throwing
 * Level 2.0 Armour
 - Level 2.0 Dodging
 + Level 2.5 Spellcasting
 + Level 3.1 Translocations
 * Level 1.3 Evocations


You had 3 spell levels left.
You knew the following spells:

 Your Spells              Type           Power        Failure   Level  Hunger
a - Apportation           Tloc           ##........   14%         1    #......
b - Blink                 Tloc           N/A          21%         2    ##.....
c - Shroud of Golubria    Chrm/Tloc      #.........   34%         2    ##.....


Dungeon Overview and Level Annotations

Branches:
Dungeon (3/15)

Altars:
Dithmenos
Elyvilon
Okawaru
Vehumet
Yredelemnul


Innate Abilities, Weirdness & Mutations

You have sharp fingernails.
You have a pair of small horns on your head.
You are partially covered in sharp spines.


Message History

The hobgoblin shouts!
The orc wizard shouts!
The hobgoblin zaps a wand.
The magic dart hits you!
The orc wizard casts a spell.
The orc wizard seems to speed up.
The orc barely misses you.
The hobgoblin zaps a wand.
The magic dart hits you!
You hit the orc but do no damage. The orc is struck by your spines.
The orc misses you.
You closely miss the orc. You headbutt the orc.
You kill the orc!
Okawaru accepts your kill. The orc wizard casts a spell at you.
The magic dart hits you!
* * * LOW HITPOINT WARNING * * *
Drink which item? (? for menu, Esc to quit)
It was a potion of magic.
Magic courses through your body.
The orc wizard casts a spell.
The orc wizard blinks!
The hobgoblin zaps a wand.
The magic dart hits you!
* * * LOW HITPOINT WARNING * * *
The orc hits you from afar with a trident.
You die...

##########################
............##..<.........
..o...........##########.
.....####.#### ##..
...#... #.###########...
.......####.#.............
.#._.#.o##....# #####...
......gg§@....# ##..
...#...###...## ##.
....... #...# #. #..##.#
..#.# ## #. #. ..%..# # #
## ##.#### ####### #.
#.....< #. #.##### #.#####


You could see an orc wizard, an orc and 2 hobgoblins.

Vanquished Creatures
  3 adders (D:2)
  2 oozes (D:2)
  A giant gecko (D:1)
  An orc (D:3)
  3 giant cockroaches (D:1)
  3 hobgoblins
  A kobold (D:2)
  A quokka (D:2)
  6 bats
  A giant newt (D:2)
  7 goblins
  3 jackals (D:1)
  8 rats
40 creatures vanquished.

Notes
Turn   | Place    | Note
--------------------------------------------------------------
     0 | D:1      | Chiseanne the Demonspawn Warper began the quest for the Orb.
     0 | D:1      | Reached XP level 1. HP: 16/16 MP: 3/3
   626 | D:1      | Reached skill level 1 in Armour
   665 | D:1      | Gained mutation: You have a pair of small horns on your head. [demonic ancestry]
   665 | D:1      | Reached XP level 2. HP: 22/22 MP: 5/5
   744 | D:1      | You fall through a shaft!
   773 | D:2      | Found a shadowy altar of Dithmenos.
  1041 | D:2      | Gained mutation: You have sharp fingernails. [demonic ancestry]
  1041 | D:2      | Reached XP level 3. HP: 23/27 MP: 6/6
  1196 | D:2      | Reached skill level 1 in Evocations
  1598 | D:1      | Reached skill level 3 in Translocations
  1617 | D:1      | Learned a level 2 spell: Blink
  1620 | D:1      | Learned a level 2 spell: Shroud of Golubria
  1962 | D:2      | Gained mutation: You are partially covered in sharp spines. [demonic ancestry]
  1962 | D:2      | Reached XP level 4. HP: 32/34 MP: 7/7
  1969 | D:2      | Found a basalt altar of Yredelemnul.
  1979 | D:2      | Found an iron altar of Okawaru.
  1983 | D:2      | Became a worshipper of Warmaster Okawaru
  2159 | D:3      | Found a white marble altar of Elyvilon.
  2219 | D:3      | Found a radiant altar of Vehumet.
  2227 | D:3      | Slain by an orc

Vault maps used:
D:1:      dpeg_arrival_simpleton_c
D:2:      nicolae_dithmenos_shadow_blocks, amethyst_overflow_temple_binary
D:3:      lemuel_round_altar, vehumet_altar_wand_db, ecumenical_altar_1,
          okawaru_ov_weapons_minmay, uniq_natasha

Action                   |  1- 3 |  4- 6 || total
-------------------------+-------+-------++-------
Melee: Hand axe          |   156 |     6 ||   162
Throw: Tomahawk          |     5 |       ||     5
  Use: Scroll            |     5 |     1 ||     6
       Potion            |       |     1 ||     1
  Eat: Chunk             |     3 |     1 ||     4
